TOP OF THE 1ST |
West Virginia Black Bears batting - Pitching for Los Angeles (NYP) Dodgers : RHP Guy Jerome
|
Pitching: RHP Guy Jerome
|
|
Batting: RHB Terrence Wilson
|
0-0: Called Strike 0-1: Called Strike 0-2: Ball 1-2: Ball 2-2: Foul Ball, location: 2F 2-2: Strikes out swinging
|
Batting: LHB Joe Wise
|
0-0: Ball 1-0: SINGLE (Groundball, 5D, EV 96.2 MPH)
|
Batting: LHB Ruben Garza
|
0-0: Ball Joe Wise steals 2nd base 1-0: Ball 2-0: Foul Ball, location: 2F 2-1: Foul Ball, location: 2F 2-2: Foul Ball, location: 2F 2-2: Ball 3-2: Base on Balls
|
Batting: RHB Killian Jones
|
0-0: 3-RUN HOME RUN (Flyball, 7D, EV 105.0 MPH), Distance : 384 ft
|
Batting: LHB Joe Hoover
|
0-0: Ball 1-0: TRIPLE (Groundball, 3L, EV 101.2 MPH)
|
Batting: RHB Chris Beckham
|
0-0: Ground out 1-3 (Groundball, P, EV 63.1 MPH)
|
Batting: RHB Roberto Guzman
|
0-0: Swinging Strike 0-1: Ball 1-1: Ball 2-1: Fly out, F7 (Flyball, 7, EV 92.5 MPH)
|
Top of the 1st over - 3 runs, 3 hits, 0 errors, 1 left on base; West Virginia 3 - Los Angeles (NYP) 0 |
BOTTOM OF THE 1ST |
Los Angeles (NYP) Dodgers batting - Pitching for West Virginia Black Bears : LHP Grady Hebert
|
Pitching: LHP Grady Hebert
|
|
Batting: RHB Theo Schepers
|
0-0: Called Strike 0-1: Fly out, F7 (Flyball, 7D, EV 89.4 MPH)
|
Batting: RHB Ruben Serrata
|
0-0: Fly out, F2 (Popup, 23F, EV 75.0 MPH)
|
Batting: RHB Manny Mendoza
|
0-0: SOLO HOME RUN (Flyball, 7LD, EV 103.8 MPH), Distance : 391 ft
|
Batting: RHB Kevin Ezell
|
0-0: Ball 1-0: Foul Ball, location: 2F 1-1: SINGLE (Flyball, 8LS, EV 89.4 MPH)
|
Batting: RHB Alex Mejia
|
0-0: Ball Wild Pitch! Kevin Ezell to second 1-0: Ball 2-0: Ball 3-0: Base on Balls
|
Batting: LHB Jim Jardine
|
0-0: Ball 1-0: Ball 2-0: Called Strike 2-1: Swinging Strike 2-2: Strikes out swinging
|
Bottom of the 1st over - 1 run, 2 hits, 0 errors, 2 left on base; West Virginia 3 - Los Angeles (NYP) 1 |
TOP OF THE 2ND |
West Virginia Black Bears batting - Pitching for Los Angeles (NYP) Dodgers : RHP Guy Jerome
|
Batting: RHB Dan Kurtz
|
0-0: Reached on error, E1 (Groundball, 15S, EV 63.8 MPH)
|
Batting: RHB Bob Raine
|
0-0: Ball 1-0: Ground out 6-3 (Groundball, 6M, EV 81.2 MPH) Dan Kurtz to third
|
Batting: RHB Terrence Wilson
|
0-0: Ball 1-0: Swinging Strike 1-1: Ground out 5-3 (Groundball, 56S, EV 76.2 MPH) Dan Kurtz scores
|
Batting: LHB Joe Wise
|
0-0: Ground out 6-3 (Groundball, 4M, EV 100.6 MPH)
|
Top of the 2nd over - 1 run, 0 hits, 1 error, 0 left on base; West Virginia 4 - Los Angeles (NYP) 1 |
BOTTOM OF THE 2ND |
Los Angeles (NYP) Dodgers batting - Pitching for West Virginia Black Bears : LHP Grady Hebert
|
Batting: LHB Fernão Manta
|
0-0: Ball 1-0: Foul Ball, location: 2F 1-1: Ball 2-1: Foul Ball, location: 2F 2-2: Ground out 4-3 (Groundball, 4, EV 95.6 MPH)
|
Batting: SHB Guy Jerome
|
0-0: Ball 1-0: Ball 2-0: Fly out, F7 (Line Drive, 78M, EV 89.4 MPH)
|
Batting: RHB Kekoa Kahele
|
0-0: Called Strike 0-1: Ball 1-1: Fly out, F6 (Popup, 5D, EV 53.8 MPH)
|
Bottom of the 2nd over - 0 runs, 0 hits, 0 errors, 0 left on base; West Virginia 4 - Los Angeles (NYP) 1 |
TOP OF THE 3RD |
West Virginia Black Bears batting - Pitching for Los Angeles (NYP) Dodgers : RHP Guy Jerome
|
Batting: LHB Ruben Garza
|
0-0: Fly out, F8 (Flyball, 8RXD, EV 103.8 MPH)
|
Batting: RHB Killian Jones
|
0-0: Called Strike 0-1: Ball 1-1: Foul Ball, location: 2F 1-2: Foul Ball, location: 2F 1-2: Foul Ball, location: 2F 1-2: Ball 2-2: Strikes out swinging
|
Batting: LHB Joe Hoover
|
0-0: Ball 1-0: Called Strike 1-1: SINGLE (Groundball, 25, EV 69.4 MPH) (infield hit)
|
Batting: RHB Chris Beckham
|
0-0: Called Strike Joe Hoover steals 2nd base 0-1: Swinging Strike 0-2: Ball 1-2: Foul Ball, location: 2F 1-2: Fly out, F7 (Line Drive, 7S, EV 94.4 MPH)
|
Top of the 3rd over - 0 runs, 1 hit, 0 errors, 1 left on base; West Virginia 4 - Los Angeles (NYP) 1 |
BOTTOM OF THE 3RD |
Los Angeles (NYP) Dodgers batting - Pitching for West Virginia Black Bears : LHP Grady Hebert
|
Batting: RHB Theo Schepers
|
0-0: Ball 1-0: Called Strike 1-1: Foul Ball, location: 2F 1-2: Strikes out swinging
|
Batting: RHB Ruben Serrata
|
0-0: Ball 1-0: Called Strike 1-1: Ball 2-1: Swinging Strike 2-2: Ball 3-2: Strikes out swinging
|
Batting: RHB Manny Mendoza
|
0-0: Ball 1-0: Ball 2-0: Ground out 6-3 (Groundball, 6, EV 107.5 MPH)
|
Bottom of the 3rd over - 0 runs, 0 hits, 0 errors, 0 left on base; West Virginia 4 - Los Angeles (NYP) 1 |
TOP OF THE 4TH |
West Virginia Black Bears batting - Pitching for Los Angeles (NYP) Dodgers : RHP Guy Jerome
|
Batting: RHB Roberto Guzman
|
0-0: Called Strike 0-1: Ball 1-1: Ball 2-1: Ball 3-1: Foul Ball, location: 2F 3-2: SINGLE (Line Drive, 78S, EV 91.9 MPH)
|
Batting: RHB Dan Kurtz
|
0-0: Ball 1-0: Swinging Strike 1-1: Ball 2-1: SINGLE (Groundball, 56D, EV 95.0 MPH) Roberto Guzman to second
|
Batting: RHB Bob Raine
|
0-0: Fly out, F9 (Flyball, 9LS, EV 95.0 MPH)
|
Batting: RHB Terrence Wilson
|
0-0: Called Strike 0-1: Called Strike 0-2: Ball 1-2: Strikes out looking
|
Batting: LHB Joe Wise
|
0-0: Called Strike 0-1: DOUBLE (Line Drive, 7LM, EV 112.5 MPH) Roberto Guzman scores Dan Kurtz to third
|
Pitching: RHP Jose Sandoval
|
|
Batting: LHB Ruben Garza
|
0-0: Ball 1-0: Foul Ball, location: 2F 1-1: DOUBLE (Flyball, 78D, EV 107.5 MPH) Dan Kurtz scores Joe Wise scores
|
Batting: RHB Killian Jones
|
0-0: Foul Ball, location: 2F 0-1: Called Strike 0-2: Strikes out swinging
|
Top of the 4th over - 3 runs, 4 hits, 0 errors, 1 left on base; West Virginia 7 - Los Angeles (NYP) 1 |
BOTTOM OF THE 4TH |
Los Angeles (NYP) Dodgers batting - Pitching for West Virginia Black Bears : LHP Grady Hebert
|
Batting: RHB Kevin Ezell
|
0-0: Ball 1-0: Ball 2-0: Ball 3-0: Base on Balls
|
Batting: RHB Alex Mejia
|
0-0: Foul Ball, location: 2F 0-1: Called Strike 0-2: 2-RUN HOME RUN (Flyball, 7D, EV 99.4 MPH), Distance : 386 ft
|
Batting: LHB Jim Jardine
|
0-0: Foul Ball, location: 2F 0-1: Called Strike 0-2: Ball 1-2: Ball 2-2: Fly out, F9 (Line Drive, 9S, EV 96.9 MPH)
|
Batting: LHB Fernão Manta
|
0-0: Ball 1-0: Ball 2-0: Called Strike 2-1: Ball 3-1: Ground out 5-3 (Groundball, 5, EV 105.0 MPH)
|
Batting: SHB Guy Jerome
|
0-0: Ball 1-0: Ball 2-0: Ball 3-0: Base on Balls
|
Batting: RHB Kekoa Kahele
|
0-0: Ball Guy Jerome is caught stealing 2nd base 2-4
|
Bottom of the 4th over - 2 runs, 1 hit, 0 errors, 0 left on base; West Virginia 7 - Los Angeles (NYP) 3 |
TOP OF THE 5TH |
West Virginia Black Bears batting - Pitching for Los Angeles (NYP) Dodgers : RHP Jose Sandoval
|
Batting: LHB Joe Hoover
|
0-0: Ball 1-0: Foul Ball, location: 2F 1-1: Ball 2-1: Ball 3-1: Base on Balls
|
Batting: RHB Chris Beckham
|
0-0: Ball 1-0: SINGLE (Groundball, 56S, EV 67.5 MPH) (infield hit) Joe Hoover to second
|
Batting: RHB Roberto Guzman
|
0-0: Ball 1-0: Foul Ball, location: 2F 1-1: Foul Ball, location: 2F 1-2: Strikes out swinging
|
Batting: RHB Dan Kurtz
|
0-0: Ball 1-0: Foul Ball, location: 2F 1-1: Called Strike 1-2: Grounds into double play, 6-4-3 (Groundball, 6, EV 91.9 MPH)
|
Top of the 5th over - 0 runs, 1 hit, 0 errors, 1 left on base; West Virginia 7 - Los Angeles (NYP) 3 |
BOTTOM OF THE 5TH |
Los Angeles (NYP) Dodgers batting - Pitching for West Virginia Black Bears : LHP Grady Hebert
|
Batting: RHB Kekoa Kahele
|
0-0: Swinging Strike 0-1: Ball 1-1: SINGLE (Line Drive, 4MD, EV 108.1 MPH)
|
Batting: RHB Theo Schepers
|
0-0: Called Strike Kekoa Kahele steals 2nd base 0-1: Foul Ball, location: 2F 0-2: Ball 1-2: Ground out 4-3 (Groundball, 4S, EV 88.1 MPH) Kekoa Kahele to third
|
Batting: RHB Ruben Serrata
|
0-0: Ball 1-0: Ball 2-0: Swinging Strike 2-1: Ground out 3-1 (Groundball, 13, EV 87.5 MPH) Kekoa Kahele scores
|
Batting: RHB Manny Mendoza
|
0-0: Swinging Strike 0-1: Foul Ball, location: 2F 0-2: Strikes out swinging
|
Bottom of the 5th over - 1 run, 1 hit, 0 errors, 0 left on base; West Virginia 7 - Los Angeles (NYP) 4 |
TOP OF THE 6TH |
West Virginia Black Bears batting - Pitching for Los Angeles (NYP) Dodgers : RHP Jose Sandoval
|
Batting: RHB Bob Raine
|
0-0: Ball 1-0: Ground out 6-3 (Groundball, 6, EV 82.5 MPH)
|
Batting: RHB Terrence Wilson
|
0-0: Ground out 5-3 (Groundball, 56, EV 90.6 MPH)
|
Batting: LHB Joe Wise
|
0-0: Foul Ball, location: 2F 0-1: Ball 1-1: Ground out 5-3 (Groundball, 6, EV 87.5 MPH)
|
Top of the 6th over - 0 runs, 0 hits, 0 errors, 0 left on base; West Virginia 7 - Los Angeles (NYP) 4 |
BOTTOM OF THE 6TH |
Los Angeles (NYP) Dodgers batting - Pitching for West Virginia Black Bears : LHP Grady Hebert
|
Batting: RHB Kevin Ezell
|
0-0: Called Strike 0-1: Swinging Strike 0-2: Foul Ball, location: 2F 0-2: Ball 1-2: Strikes out swinging
|
Batting: RHB Alex Mejia
|
0-0: Called Strike 0-1: SINGLE (Flyball, 9S, EV 94.4 MPH)
|
Pitching: RHP Iwao Machida
|
|
Batting: LHB Jim Jardine
|
0-0: Ball 1-0: Ball 2-0: Called Strike Alex Mejia steals 2nd base 2-1: SINGLE (Groundball, 4D, EV 106.2 MPH) Alex Mejia to third Runner from 3rd tries for Home, SAFE, throw by CF to home
|
Batting: LHB Fernão Manta
|
0-0: Ball 1-0: Foul Ball, location: 2F 1-1: Swinging Strike 1-2: Ball 2-2: Strikes out swinging
|
Batting: SHB Guy Jerome
|
0-0: Ball 1-0: Called Strike 1-1: Swinging Strike 1-2: Fly out, F8 (Flyball, 8LD, EV 94.4 MPH)
|
Bottom of the 6th over - 1 run, 2 hits, 0 errors, 1 left on base; West Virginia 7 - Los Angeles (NYP) 5 |
TOP OF THE 7TH |
West Virginia Black Bears batting - Pitching for Los Angeles (NYP) Dodgers : RHP Jose Sandoval
|
Pitching: LHP Kai Klindt
|
|
Batting: LHB Ruben Garza
|
0-0: Foul Ball, location: 2F 0-1: DOUBLE (Groundball, 3L, EV 106.2 MPH)
|
Batting: RHB Killian Jones
|
0-0: Intentional Walk
|
Batting: LHB Joe Hoover
|
0-0: SINGLE (Groundball, 34D, EV 96.2 MPH) Ruben Garza to third Killian Jones to second Runner from 3rd tries for Home, SAFE, throw by RF to home
|
Batting: RHB Chris Beckham
|
0-0: SINGLE (Groundball, 6MD, EV 99.4 MPH) Killian Jones to third Joe Hoover to second
|
Batting: RHB Roberto Guzman
|
0-0: Called Strike 0-1: Foul Ball, location: 2F 0-2: Foul Ball, location: 2F 0-2: Ball 1-2: Ball 2-2: Foul Ball, location: 2F 2-2: Strikes out swinging
|
Batting: RHB Dan Kurtz
|
0-0: Grounds into fielders choice 1-2 (Groundball, P, EV 71.9 MPH) Joe Hoover to third Chris Beckham to second
|
Batting: RHB Bob Raine
|
0-0: Ball 1-0: Called Strike 1-1: Swinging Strike 1-2: Strikes out looking
|
Top of the 7th over - 1 run, 3 hits, 0 errors, 3 left on base; West Virginia 8 - Los Angeles (NYP) 5 |
BOTTOM OF THE 7TH |
Los Angeles (NYP) Dodgers batting - Pitching for West Virginia Black Bears : RHP Iwao Machida
|
Batting: RHB Kekoa Kahele
|
0-0: Swinging Strike 0-1: Foul Ball, location: 2F 0-2: Fly out, F4 (Line Drive, 4, EV 73.1 MPH)
|
Batting: RHB Theo Schepers
|
0-0: Called Strike 0-1: Ball 1-1: Ball 2-1: Foul Ball, location: 2F 2-2: SINGLE (Groundball, 6MD, EV 94.4 MPH)
|
Pitching: RHP Xavier Stovall
|
|
Batting: RHB Ruben Serrata
|
0-0: Ball 1-0: Called Strike 1-1: Ball 2-1: Ball 3-1: Base on Balls Theo Schepers to second
|
Batting: RHB Manny Mendoza
|
0-0: Ball 1-0: Swinging Strike 1-1: Swinging Strike 1-2: Strikes out swinging
|
Batting: RHB Kevin Ezell
|
0-0: Ball 1-0: Ground out 1-3 (Groundball, 34S, EV 62.5 MPH)
|
Bottom of the 7th over - 0 runs, 1 hit, 0 errors, 2 left on base; West Virginia 8 - Los Angeles (NYP) 5 |
TOP OF THE 8TH |
West Virginia Black Bears batting - Pitching for Los Angeles (NYP) Dodgers : LHP Kai Klindt
|
Batting: RHB Terrence Wilson
|
0-0: Ground out 6-3 (Groundball, 6, EV 93.8 MPH)
|
Batting: LHB Joe Wise
|
0-0: Fly out, F8 (Flyball, 8LXD, EV 98.8 MPH)
|
Batting: LHB Ruben Garza
|
0-0: Called Strike 0-1: Ball 1-1: Foul Ball, location: 2F 1-2: Ball 2-2: Strikes out swinging
|
Top of the 8th over - 0 runs, 0 hits, 0 errors, 0 left on base; West Virginia 8 - Los Angeles (NYP) 5 |
BOTTOM OF THE 8TH |
Los Angeles (NYP) Dodgers batting - Pitching for West Virginia Black Bears : RHP Xavier Stovall
|
Now in RF: Tom Tate
|
|
Batting: RHB Alex Mejia
|
0-0: Called Strike 0-1: Ball 1-1: Swinging Strike 1-2: Ball 2-2: Ball 3-2: Strikes out looking
|
Batting: LHB Jim Jardine
|
0-0: Called Strike 0-1: Ball 1-1: Foul Ball, location: 2F 1-2: Ball 2-2: Ball 3-2: Foul Ball, location: 2F 3-2: Foul Ball, location: 2F 3-2: Base on Balls
|
Pitching: RHP Mike West
|
|
Batting: LHB Fernão Manta
|
0-0: Ball 1-0: Ball 2-0: Called Strike 2-1: Swinging Strike 2-2: Strikes out swinging
|
Batting: SHB Guy Jerome
|
0-0: Swinging Strike 0-1: Foul Ball, location: 2F 0-2: Ball 1-2: Strikes out looking
|
Bottom of the 8th over - 0 runs, 0 hits, 0 errors, 1 left on base; West Virginia 8 - Los Angeles (NYP) 5 |
TOP OF THE 9TH |
West Virginia Black Bears batting - Pitching for Los Angeles (NYP) Dodgers : LHP Kai Klindt
|
Batting: RHB Killian Jones
|
0-0: Ball 1-0: SINGLE (Flyball, 8LS, EV 90.6 MPH)
|
Batting: LHB Joe Hoover
|
0-0: Ball 1-0: SINGLE (Groundball, 6MS, EV 72.5 MPH) (infield hit) Killian Jones to second
|
Batting: RHB Chris Beckham
|
0-0: Bunted foul 0-1: Ball 1-1: Sac Bunt to 23 - play at first, batter OUT! 3-4 Killian Jones to third Joe Hoover to second
|
Batting: RHB Roberto Guzman
|
0-0: Swinging Strike 0-1: SINGLE (Line Drive, 8LS, EV 100.0 MPH) Killian Jones scores Joe Hoover to third Runner from 3rd tries for Home, SAFE, throw by CF to home
|
Batting: RHB Dan Kurtz
|
0-0: Swinging Strike 0-1: Called Strike 0-2: Ball 1-2: Strikes out swinging
|
Pitching: RHP Gabe Pomales
|
|
Batting: RHB Bob Raine
|
0-0: Called Strike 0-1: Called Strike Roberto Guzman is caught stealing 2nd base 2-4
|
Top of the 9th over - 2 runs, 3 hits, 0 errors, 0 left on base; West Virginia 10 - Los Angeles (NYP) 5 |
BOTTOM OF THE 9TH |
Los Angeles (NYP) Dodgers batting - Pitching for West Virginia Black Bears : RHP Mike West
|
Batting: RHB Kekoa Kahele
|
0-0: Ball 1-0: SINGLE (Groundball, P, EV 90.6 MPH) (infield hit)
|
Batting: RHB Theo Schepers
|
0-0: Ball 1-0: Foul Ball, location: 2F 1-1: Fly out, F8 (Flyball, 78M, EV 96.2 MPH)
|
Batting: RHB Ruben Serrata
|
0-0: Ball 1-0: Grounds into double play, 4-6-3 (Groundball, 34, EV 86.9 MPH)
|
Bottom of the 9th over - 0 runs, 1 hit, 0 errors, 0 left on base; West Virginia 10 - Los Angeles (NYP) 5 |
|